 Seeded DCSS version 0.26-a0-1102-g347fe5baa7 (webtiles) character file.

Game seed: 45091326000707839 (custom seed)

39 schets the Shooter (level 3, -9/24 HPs)
             Began as a Halfling Hunter on Dec 15, 2020.
             Killed from afar by Ijyb (11 damage)
             ... with an iceblast
             ... on level 3 of the Dungeon.
             The game lasted 00:03:07 (2211 turns).

schets the Shooter (Halfling Hunter)                Turns: 2211, Time: 00:03:08

Health: -9/24      AC:  0    Str: 13    XL:     3   Next: 67%
Magic:  3/3        EV: 15    Int: 10    God:
Gold:   108        SH:  0    Dex: 14    Spells: 2/2 levels left

rFire    . . .     SeeInvis .   b - +0 short sword
rCold    . . .     Faith    .   (shield restricted)
rNeg     . . .     Spirit   .   c - +1 leather armour
rPois    .         Reflect  .   (no helmet)
rElec    .         Harm     .   (no cloak)
rCorr    .         Rampage  .   (no gloves)
Will     .....                  (no boots)
Stlth    +.........             (no amulet)
HPRegen  0.08/turn              f - -4 ring of protection (curse)
MPRegen  0.08/turn              (no ring)

@: hasted, very quick
A: small, mutation resistance 1
a: no special abilities


You were on level 3 of the Dungeon.
You visited 1 branch of the dungeon, and saw 3 of its levels.

You collected 108 gold pieces.

Inventory:

Hand Weapons
 a - a +1 shortbow
 b - a +0 short sword (weapon)
Missiles
 d - 15 arrows
Armour
 c - a +1 leather armour (worn)
Jewellery
 f - a cursed -4 ring of protection (left hand)
 k - an uncursed ring of wizardry {unknown}
Scrolls
 e - a scroll of identify
 h - a scroll of teleportation {unknown}
 j - a scroll of random uselessness {unknown}
 l - 2 scrolls of remove curse
Potions
 g - 2 potions of curing
 m - a potion of heal wounds {unknown}


   Skills:
 + Level 2.0 Fighting
 + Level 1.1 Short Blades
 + Level 4.8 Bows
 + Level 0.8 Armour
 + Level 2.9 Dodging
 + Level 1.1 Stealth


You had 2 spell levels left.
You didn't know any spells.
Your spell library was empty.

Dungeon Overview and Level Annotations

Branches:
Dungeon (3/15)

Altars:

Annotations:
D:3 Ijyb


Innate Abilities, Weirdness & Mutations

You are small and have problems with some larger weapons.
You are somewhat resistant to further mutation.


Message History

You feel sick.
Unknown command.
Unknown command.
Unknown command.
Unknown command.
Unknown command.
Unknown command.
You feel sick.
You feel sick.
There is a stone staircase leading down here.
You climb downwards.
Ijyb the Twisted Goblin comes into view.
She is wielding a +0 club and carrying a wand of iceblast (9).
You feel sick.
You are no longer poisoned.
Found 23 bolts.
There is a stone staircase leading up here.
A goblin comes into view. It is wielding a -2 dagger.
There is a stone staircase leading up here.
Ijyb zaps a wand.
The mass of ice explodes!
The iceblast engulfs you!
You die...

g... ..#
..# ..# #.#
#.# #.##
####..#
#..@.#....#
.........##
.#.#
..##.#.##.#
.. # #. g.#
.# #. ....
.. #. ..##.
. #. (## .
#. .#


You could see Ijyb.

Vanquished Creatures
  An adder (D:2)
  A worm (D:2)
  A leopard gecko (D:1)
  3 giant cockroaches (D:1)
  5 goblins
  3 hobgoblins
  3 kobolds
  A ball python (D:1)
  6 bats
  2 frilled lizards (D:1)
  A rat (D:1)
27 creatures vanquished.

Notes
Turn   | Place    | Note
-------+----------+-------------------------------------------
     0 | D:1      | schets the Halfling Hunter began the quest for the Orb.
     0 | D:1      | Reached XP level 1. HP: 14/14 MP: 1/1
   291 | D:1      | Reached XP level 2. HP: 5/19 MP: 2/2
  1318 | D:1      | Reached XP level 3. HP: 11/24 MP: 3/3
  1967 | D:2      | Reached skill level 1 in Short Blades
  2207 | D:3      | Noticed Ijyb
  2211 | D:3      | Killed from afar by Ijyb

Illustrated notes

Levels and vault maps discovered:
D:1:      roderic_crossed_star, layout_basic, item_on_display_a
D:2:      layout_basic, nicolae_gozag_cash_rules_everything_around_me
D:3:      layout_loops_corners, uniq_ijyb

Skill      XL: |  1  2  3 |
---------------+----------+-----
Fighting       | 2 |  2.0
Short Blades   | 1 |  1.1
Bows           | |  4.8
Armour         | |  0.8
Dodging        | |  2.9
Stealth        | |  1.1

Action                   || total
-------------------------++-------
Melee: Short sword       ||    79
 Fire: Shortbow          ||    28
  Use: Potion            ||     2
       Scroll            ||     2
 Stab: Sleeping          ||     1
Armor: Leather armour    ||     9
Dodge: Dodged            ||    82

Table legend: (Time is in decaauts)
 A = Elapsed time spent in this place.
 B = Non-inter-level travel time spent in this place.
 C = Inter-level travel time spent in this place.
 D = Time resting spent in this place.
 E = Time spent auto-exploring this place.
 F = Levels seen in this place.
 G = Mean time per level.
                   A        B        C        D        E       F      G
               +--------+--------+--------+--------+--------+-----+--------+
         Total |   2205 |   2186 |     19 |   1238 |    705 |   3 |  735.0 |
       Dungeon |   2205 |   2186 |     19 |   1238 |    705 |   3 |  735.0 |
               +--------+--------+--------+--------+--------+-----+--------+

Top non-repeatable levels by time:
     D:1: 1895 daAuts
     D:2: 307 daAuts
     D:3: 2 daAuts
